 Dungeon Crawl Stone Soup version 0.17.0-19-gb37c632 (console) character file.

7094 Kloppie the Fighter (level 11, -6/62 HPs)
             Began as a Vine Stalker Fighter on Nov 12, 2015.
             Was a High Priest of Cheibriados.
             Mangled by an orc warrior
             ... wielding a cursed +0 glaive
              (8 damage)
             ... on level 10 of the Dungeon.
             The game lasted 00:19:03 (7583 turns).

Kloppie the Fighter (Vine Stalker Fighter)          Turns: 7583, Time: 00:19:03

Health: -6/62      AC: 16    Str: 31    XL:     11   Next: 9%
Magic:  0/12       EV:  6    Int: 20    God:    Cheibriados [*****.]
Gold:   691        SH: 11    Dex: 26    Spells: 0 memorised, 10 levels left

rFire  . . .     SeeInvis .     z - +2 mace (venom)
rCold  . . .     Clarity  .     s - +0 chain mail
rNeg   . . .     SustAt   .     c - +0 shield
rPois  .         Gourm    .     m - +2 hat
rElec  .         Spirit   +     (no cloak)
rCorr  +         Warding  .     i - +0 pair of gloves
rMut   .         Stasis   .     D - +1 pair of boots
MR     +....                    n - amulet of resist corrosion
Stlth  ..........               (no ring)
                                L - ring of wizardry

@: very slow, somewhat resistant to hostile enchantments, extremely unstealthy
A: fangs 3, regeneration 2, magic shield, antimagic bite, no device heal 3, rot
immunity
a: Bend Time, Temporal Distortion, Slouch, Step From Time, Renounce Religion


You were on level 10 of the Dungeon.
You worshipped Cheibriados.
Cheibriados was extremely pleased with you.
You were not hungry.

You visited 1 branch of the dungeon, and saw 10 of its levels.
You also visited: Ossuary.

You collected 691 gold pieces.

Inventory:

Hand Weapons
 a - a +0 flail
 z - a +2 mace of venom (weapon)
Missiles
 w - 18 tomahawks (quivered)
Armour
 b - a +0 scale mail
 c - a +0 shield (worn)
 i - a +0 pair of gloves (worn)
 m - a +2 hat (worn)
 s - a +0 chain mail (worn)
 D - a +1 pair of boots (worn)
Jewellery
 n - an amulet of resist corrosion (around neck)
 L - a ring of wizardry (left hand)
Wands
 o - a wand of enslavement (24)
 y - a wand of polymorph (16)
 G - a wand of disintegration (8)
 H - a wand of fire (8)
Scrolls
 f - a scroll of recharging
 g - 11 scrolls of identify
 j - 3 scrolls of blinking
 l - a scroll of enchant armour
 v - 2 scrolls of magic mapping
 B - 2 scrolls of amnesia
 F - 3 scrolls of remove curse
Potions
 d - 6 potions of might
 h - a potion of ambrosia
 p - 4 potions of magic
 t - 5 potions of haste
 A - 2 potions of mutation
 C - 2 potions of flight {unknown}
 J - a potion of invisibility {unknown}
 K - a potion of lignification {unknown}
Books
 M - a book of Power

   Spells                             Type                      Level
   a - Fulminant Prism                Conjuration/Hexes            4
   b - Iskenderun's Mystic Blast      Conjuration                  4
   c - Venom Bolt                     Conjuration/Poison           5
   d - Bolt of Magma                  Conjuration/Fire/Earth       5
   e - Iron Shot                      Conjuration/Earth            6
   f - Orb of Destruction             Conjuration                  7
   g - Spellforged Servitor           Conjuration/Summoning        7
Miscellaneous
 k - a phial of floods
Comestibles
 e - 9 bread rations
 q - a royal jelly
 r - 3 fruits
 u - 5 meat rations
 x - 3 slices of pizza
 E - a beef jerky


   Skills:
 + Level 9.5 Fighting
 + Level 9.0 Maces & Flails
 + Level 8.5 Armour
 - Level 2.6 Shields


You had 10 spell levels left.
You didn't know any spells.

Dungeon Overview and Level Annotations

Branches:
Dungeon (10/15)            Temple (0/1) D:6            Lair (0/8) D:10
    Orc: D:9-12

Altars:
Ashenzari
Cheibriados
Dithmenos
Elyvilon
Gozag
Kikubaaqudgha
Makhleb
Nemelex Xobeh
Ru
Sif Muna
Vehumet
Xom
Yredelemnul
Zin
The Shining One

Shops:
D:4 (

Annotations:
D:5 Blork the orc


Innate Abilities, Weirdness & Mutations

You have razor-sharp teeth.
You heal very quickly.
When hurt, damage is shared between your health and your magic reserves.
Your bite disrupts and absorbs the magic of your enemies.
Potions and wands cannot restore your health.
You are immune to rotting.


Message History

You sock the hill giant!
You bite the hill giant, but do no damage.
The hill giant is almost dead.
The hill giant hits you with a giant club!
* * * LOW HITPOINT WARNING * * *
You hit the hill giant. You bite the hill giant. You drain its power.
You feel invigorated.
The hill giant is almost dead.
You block the orc warrior's attack.
The hill giant hits you with a giant club!!
* * * LOW HITPOINT WARNING * * *
An orc comes into view. It is wielding a mace.
You hit the hill giant but do no damage.
You bite the hill giant, but do no damage.
The hill giant is almost dead.
You kill the hill giant!
Cheibriados appreciates the change of pace.
Your Maces & Flails skill increases to level 9!
The orc warrior hits you from afar with a glaive!
You die...

.. #. .# # .# #.##
##.# #...# #..
#...# #.# #...#
###.## #####...##
#....####.........
#@##..............
#)##.####.........
#.8.o)##.#
#####...##
#..o####.# #...#
##o# #.# #.#.##
... #.# #[.... #.#
#.# ##.... #. ..#
#.... . ..# #....


You could see an orc warrior and 2 orcs.

Vanquished Creatures
  A hill giant (D:10)
  A gargoyle (D:10)
  A two-headed ogre (D:9)
  Grinder (D:5)
  Prince Ribbit (D:5)
  A wraith (D:10)
  Sigmund (D:5)
  4 hippogriffs
  A steam dragon (D:8)
  Menkaure (D:5)
  2 water moccasins
  Duvessa (D:6)
  3 orc warriors
  A necrophage (D:6)
  A phantom (D:9)
  A black bear (D:9)
  6 ogres
  An ice beast (D:5)
  4 centaurs
  A big kobold (D:10)
  7 giant frogs
  Dowan (D:6)
  4 scorpions
  3 wights (D:6)
  A wyvern skeleton (D:8)
  5 killer bees
  2 crimson imps
  7 orc priests
  A giant frog zombie (D:7)
  A human zombie (Ossuary)
  2 jellies
  2 centaur skeletons
  A giant frog skeleton (D:10)
  6 hounds
  6 iguanas
  10 worker ants
  Terence (D:3)
  8 orc wizards
  2 big kobold zombies (Ossuary)
  2 hound skeletons
  5 mummies
  2 worker ant zombies (D:9)
  Robin (D:4)
  5 gnolls
  7 adders
  An ooze (D:6)
  2 adder zombies
  6 worms
  8 giant geckos
  27 orcs
  5 bats
  4 giant cockroaches
  A gnoll zombie (Ossuary)
  13 hobgoblins
  8 jackals
  8 kobolds
  6 quokkas
  2 ball pythons
  A giant gecko zombie (D:7)
  A giant newt (D:5)
  19 goblins
  2 hobgoblin zombies (Ossuary)
  2 jackal zombies
  4 orc zombies (Ossuary)
  A quokka skeleton (D:4)
  5 rats
252 creatures vanquished.

Notes
Turn   | Place    | Note
--------------------------------------------------------------
     0 | D:1      | Kloppie the Vine Stalker Fighter began the quest for the Orb.
     0 | D:1      | Reached XP level 1. HP: 11/11 MP: 2/2
   138 | D:1      | Reached XP level 2. HP: 16/16 MP: 3/3
   278 | D:1      | Reached skill level 3 in Fighting
   278 | D:1      | Reached XP level 3. HP: 20/20 MP: 4/4
   903 | D:2      | Reached XP level 4. HP: 16/24 MP: 5/5
  1051 | D:2      | Found a white marble altar of Elyvilon.
  1145 | D:3      | Noticed Terence
  1159 | D:3      | Killed Terence
  1235 | D:3      | Found a shimmering altar of Xom.
  1309 | D:3      | Found a shimmering altar of Xom.
  1393 | D:3      | Found a shattered altar of Ashenzari.
  1481 | D:3      | Reached XP level 5. HP: 20/28 MP: 4/6
  1498 | D:3      | Found a shimmering altar of Xom.
  1531 | D:3      | Found a burning altar of Makhleb.
  1617 | D:3      | Found a white marble altar of Elyvilon.
  1617 | D:3      | Found a glowing golden altar of the Shining One.
  1617 | D:3      | Found a glowing silver altar of Zin.
  1685 | D:3      | Noticed an Executioner
  1688 | D:3      | Noticed a hellwing
  1688 | D:3      | Noticed a hellwing
  2004 | D:4      | Found Lumper's Antique Weapon Boutique.
  2032 | D:4      | Noticed Robin
  2057 | D:4      | Killed Robin
  2248 | D:4      | Found a sacrificial altar of Ru.
  2303 | D:4      | Reached skill level 4 in Fighting
  2358 | D:4      | Gained mutation: You heal very quickly. [Vine Stalker growth]
  2358 | D:4      | Reached XP level 6. HP: 13/33 MP: 7/7
  2900 | D:5      | Entered Level 5 of the Dungeon
  2917 | D:5      | Noticed Sigmund
  3072 | D:5      | Killed Sigmund
  3072 | D:5      | Reached XP level 7. HP: 26/38 MP: 5/8
  3087 | D:5      | Reached skill level 5 in Fighting
  3162 | D:5      | Noticed Grinder
  3183 | D:5      | Paralysed by Grinder for 2 turns
  3198 | D:5      | Killed Grinder
  3245 | D:5      | Gained mutation: You have razor-sharp teeth. [Vine Stalker growth]
  3245 | D:5      | Reached XP level 8. HP: 37/44 MP: 9/9
  3287 | D:5      | Noticed Blork the orc
  3305 | D:5      | Found a deep blue altar of Sif Muna.
  3338 | D:5      | Noticed Prince Ribbit
  3344 | D:5      | Killed Prince Ribbit
  3344 | D:5      | Reached skill level 5 in Maces & Flails
  3344 | D:5      | Reached skill level 5 in Armour
  3446 | D:5      | Found a sand-covered staircase.
  3489 | D:5      | Reached skill level 6 in Fighting
  3505 | Ossuary  | Entered an ossuary
  3919 | D:5      | Found a snail-covered altar of Cheibriados.
  3925 | D:5      | Became a worshipper of Cheibriados the Contemplative
  4024 | D:6      | Reached XP level 9. HP: 46/49 MP: 10/10
  4052 | D:6      | Noticed Duvessa
  4055 | D:6      | Noticed Menkaure
  4059 | D:6      | Killed Duvessa
  4063 | D:6      | Noticed Dowan
  4171 | D:5      | Killed Menkaure
  4252 | D:6      | Reached * piety under Cheibriados
  4252 | D:6      | Reached skill level 7 in Fighting
  4315 | D:6      | Found a staircase to the Ecumenical Temple.
  4557 | D:6      | Killed Dowan
  4572 | D:6      | Found a basalt altar of Yredelemnul.
  4661 | D:6      | Found a sparkling altar of Nemelex Xobeh.
  4993 | D:7      | Reached ** piety under Cheibriados
  5137 | D:7      | Found an ancient bone altar of Kikubaaqudgha.
  5539 | D:8      | Reached XP level 10. HP: 47/56 MP: 11/11
  5546 | D:8      | Reached skill level 8 in Fighting
  5634 | D:7      | HP: 2/56 [poisoned by a killer bee]
  5793 | D:8      | Reached *** piety under Cheibriados
  6482 | D:8      | Reached **** piety under Cheibriados
  7033 | D:9      | Found a shadowy altar of Dithmenos.
  7033 | D:9      | Found a radiant altar of Vehumet.
  7155 | D:9      | Found an opulent altar of Gozag.
  7207 | D:10     | Entered Level 10 of the Dungeon
  7256 | D:10     | Reached skill level 9 in Fighting
  7272 | D:10     | Found a staircase to the Lair.
  7464 | D:10     | Reached XP level 11. HP: 49/62 MP: 12/12
  7564 | D:10     | Noticed a hill giant
  7569 | D:10     | Reached ***** piety under Cheibriados
  7582 | D:10     | HP: 1/62 [hill giant/giant club (15)]
  7583 | D:10     | Killed a hill giant
  7583 | D:10     | Mangled by an orc warrior

Action                   |  1- 3 |  4- 6 |  7- 9 | 10-12 || total
-------------------------+-------+-------+-------+-------++-------
Melee: Flail             |    88 |   176 |       |       ||   264
       Mace              |       |    12 |   294 |   223 ||   529
Throw: Tomahawk          |       |    12 |    12 |    23 ||    47
  Use: Potion            |       |       |     4 |     1 ||     5
       Scroll            |       |       |    11 |     4 ||    15
 Stab: Paralysed         |       |     2 |       |       ||     2
  Eat: Chunk             |       |     7 |     7 |     4 ||    18
